 Dungeon Crawl Stone Soup version 0.18.1-48-g4cf74bf (webtiles) character file.

7546 nikopol the Spear-Bearer (level 10, 0/91 HPs)
             Began as a Minotaur Berserker on July 25, 2016.
             Was an Elder of Trog.
             Slain by a river rat (8 damage)
             ... on level 1 of the Lair of Beasts.
             The game lasted 00:44:36 (10146 turns).

nikopol the Spear-Bearer (Minotaur Berserker)      Turns: 10146, Time: 00:44:37

Health: 0/91       AC: 11    Str: 22    XL:     10   Next: 96%
Magic:  9/9        EV: 12    Int:  4    God:    Trog [****..]
Gold:   451        SH:  0    Dex:  9    Spells: 0 memorised, 9 levels left

rFire  . . .     SeeInvis +     x - +0 trident
rCold  . . .     Gourm    +     I - +0 scale mail
rNeg   . . .     Faith    .     (no shield)
rPois  .         Spirit   .     (helmet restricted)
rElec  .         Dismiss  .     (no cloak)
rCorr  .         Reflect  .     q - +0 pair of gloves
SustAt .         Harm     .     w - +0 pair of boots
MR     ++...                    i - amulet of the gourmand
Stlth  ..........               y - ring of see invisible
                                u - -4 ring of dexterity (curse)

@: regenerating, very resistant to hostile enchantments, extremely unstealthy
A: retaliatory headbutt, horns 2
a: Berserk, Trog's Hand, Brothers in Arms, Burn Spellbooks, Renounce Religion


You were on level 1 of the Lair of Beasts.
You worshipped Trog.
Trog was greatly pleased with you.
You were very full.

You visited 2 branches of the dungeon, and saw 10 of its levels.

You collected 451 gold pieces.

Inventory:

Hand Weapons
 a - a +0 spear
 c - a +0 shortbow
 x - a +0 trident (weapon)
Missiles
 e - 172 arrows (quivered)
Armour
 b - a +0 animal skin
 d - a +0 ring mail
 q - a +0 pair of gloves (worn)
 w - a +0 pair of boots (worn)
 I - a +0 scale mail (worn)
Jewellery
 i - an amulet of the gourmand (around neck)
 u - a cursed -4 ring of dexterity (left hand)
 y - a ring of see invisible (right hand)
 z - an uncursed ring of flight {unknown}
Wands
 C - a wand of paralysis (12/24)
 G - a wand of lightning (12/15)
 N - a wand of lightning (4/15)
 O - a wand of teleportation (6/9)
Scrolls
 f - a scroll of random uselessness
 g - 4 scrolls of teleportation
 h - 3 scrolls of blinking {unknown}
 j - 2 scrolls of fog {unknown}
 k - 6 scrolls of remove curse {unknown}
 l - 4 scrolls of magic mapping {unknown}
 m - 8 scrolls of identify {unknown}
 n - 2 scrolls of noise {unknown}
 D - 2 scrolls of amnesia {unknown}
 F - 2 scrolls of recharging {unknown}
 H - a scroll of vulnerability {unknown}
 P - a scroll of acquirement {unknown}
 R - a scroll of fear {unknown}
Potions
 o - a potion of agility {unknown}
 p - 2 potions of heal wounds {unknown}
 r - a potion of resistance {unknown}
 v - 3 potions of brilliance {unknown}
 B - a potion of haste {unknown}
 E - 2 potions of curing {unknown}
 K - 3 potions of cure mutation {unknown}
 Q - a potion of degeneration {unknown}
 S - a potion of ambrosia {unknown}
Books
 J - a book of the Warp

   Spells                             Type                      Level
   a - Recall                         Summoning/Translocation      3
   b - Gell's Gravitas                Hexes/Translocation          3
   c - Force Lance                    Conjuration/Translocation    4
   d - Warp Weapon                    Charms/Translocation         5
   e - Summon Forest                  Summoning/Translocation      5
   Trog disapproves of the use of such an item.
Comestibles
 s - 4 fruits
 t - 6 meat rations
 A - 8 bread rations
 L - 3 beef jerkies
 M - 7 slices of pizza
 T - 2 chunks of flesh


   Skills:
 + Level 9.4 Fighting
 * Level 11.0 Polearms
 * Level 8.4 Bows
 + Level 9.0 Armour
 + Level 7.7 Dodging


You had 9 spell levels left.
You didn't know any spells.

Dungeon Overview and Level Annotations

Branches:
Dungeon (9/15)             Temple (0/1) D:5            Lair (1/8) D:9
    Orc: D:9-12

Altars:
Ashenzari
Fedhas
Kikubaaqudgha
Makhleb
Trog
Vehumet
Yredelemnul
The Shining One

Shops:
D:7 !

Annotations:
D:5 Prince Ribbit


Innate Abilities, Weirdness & Mutations

You reflexively headbutt those who attack you in melee.
You have a pair of horns on your head.


Message History

You headbutt the river rat, but do no damage.
The river rat closely misses you. You furiously retaliate!
You headbutt the river rat!
You kill the river rat!
Trog accepts your kill. The river rat closely misses you.
The river rat bites you but does no damage.
The river rat bites you.
* * * LOW HITPOINT WARNING * * *
You are too injured to fight recklessly!
You hit the river rat but do no damage.
You feel less exhausted. The river rat bites you.
* * * LOW HITPOINT WARNING * * *
You barely miss the river rat.
The river rat bites you but does no damage. x4
You barely miss the river rat.
You headbutt the river rat, but do no damage.
The river rat bites you!
You die...

## #.#. ..#..
#P.### ...
..... ..... ...
...... P## #.
.. .#....
.....# .
##.##....
.......
...##.....P#
.......
.....?r†r.##...
......(
#..@r......
......#
#...r.#....
....... #.....#
. ......#
#.######
...(... ..#
##.### ... ...
..


You could see 4 river rats.

Vanquished Creatures
  The ghost of Thomus the Cleaver, a novice HOFi of Okawaru (D:9)
  A hill giant (D:9)
  Joseph (D:7)
  2 two-headed ogres
  9 yaks
  A human (D:7)
  2 hippogriffs
  2 ice beasts
  3 orc warriors
  2 phantoms (D:6)
  A black bear (D:6)
  3 ogres
  An eye of draining (D:7)
  4 wolves (Lair:1)
  5 centaurs
  A wyvern zombie (D:9)
  5 giant frogs
  A scorpion (D:9)
  A howler monkey (D:5)
  4 crimson imps
  3 giant frog zombies
  2 jellies
  A quasit (D:7)
  A centaur skeleton (D:6)
  2 giant frog skeletons
  2 centaur zombies
  5 hounds
  10 orc priests
  3 iguanas
  13 orc wizards
  4 worker ants
  A killer bee zombie (D:7)
  3 sheep (D:7)
  A hound zombie (D:5)
  A hound skeleton (D:4)
  A worker ant zombie (D:6)
  3 river rats (Lair:1)
  4 adders
  3 shadow imps
  2 oozes
  3 adder zombies
  3 adder skeletons
  5 worms
  3 dart slugs
  A giant gecko (D:7)
  41 orcs
  5 bats
  3 giant cockroaches
  5 goblins
  6 hobgoblins
  9 jackals
  A giant gecko zombie (D:6)
  5 giant newts
  4 kobolds
  A quokka skeleton (D:6)
  A quokka zombie (D:9)
  10 rats
  A spectral orc (D:8)
  2 fungi (D:9)
  A plant (D:9)
225 creatures vanquished.

Vanquished Creatures (others)
  A fungus (D:9)
1 creature vanquished.

Grand Total: 226 creatures vanquished

Notes
Turn   | Place    | Note
--------------------------------------------------------------
     0 | D:1      | nikopol the Minotaur Berserker began the quest for the Orb.
     0 | D:1      | Reached XP level 1. HP: 19/19 MP: 0/0
   495 | D:1      | Reached XP level 2. HP: 27/27 MP: 1/1
  1180 | D:2      | Found a blossoming altar of Fedhas.
  1181 | D:2      | Found a burning altar of Makhleb.
  1213 | D:2      | Reached ** piety under Trog
  1213 | D:2      | Reached XP level 3. HP: 26/33 MP: 2/2
  1839 | D:3      | Reached XP level 4. HP: 41/41 MP: 3/3
  2174 | D:4      | Noticed an ogre
  2177 | D:4      | Killed an ogre
  2177 | D:4      | Reached skill level 5 in Fighting
  2177 | D:4      | Reached skill level 4 in Polearms
  2177 | D:4      | Reached XP level 5. HP: 35/48 MP: 4/4
  2215 | D:4      | Noticed an ogre
  2222 | D:4      | Killed an ogre
  2275 | D:4      | Reached XP level 6. HP: 50/56 MP: 5/5
  2465 | D:4      | Reached skill level 5 in Polearms
  2665 | D:4      | Reached *** piety under Trog
  2816 | D:5      | Entered Level 5 of the Dungeon
  2924 | D:5      | Reached skill level 5 in Armour
  2974 | D:5      | Received a gift from Trog
  3039 | D:5      | Reached XP level 7. HP: 63/63 MP: 6/6
  3165 | D:5      | Found a staircase to the Ecumenical Temple.
  3222 | D:5      | HP: 3/64 [orc priest/nerve-wracking pain (14)]
  3735 | D:5      | Reached skill level 6 in Polearms
  3879 | D:5      | Reached skill level 1 in Bows
  3879 | D:5      | Reached skill level 5 in Dodging
  3935 | D:5      | Noticed Prince Ribbit
  4119 | D:4      | Reached XP level 8. HP: 55/71 MP: 7/7
  4719 | D:6      | Found a bloodstained altar of Trog.
  4735 | D:6      | Found a radiant altar of Vehumet.
  4970 | D:6      | Reached skill level 7 in Polearms
  5033 | D:6      | HP: 2/109 [orc priest/divine providence (13)]
  5439 | D:6      | Reached XP level 9. HP: 79/79 MP: 8/8
  5444 | D:6      | Reached skill level 8 in Polearms
  5672 | D:6      | Reached skill level 5 in Bows
  6534 | D:7      | Found a shattered altar of Ashenzari.
  6539 | D:7      | Saw a vision of the Shoals and the Spider Nest.
  6539 | D:7      | Noticed a siren
  6539 | D:7      | Noticed a merfolk
  6539 | D:7      | Noticed a wolf spider
  6539 | D:7      | Noticed a sea snake
  6540 | D:7      | Noticed a wolf spider
  6540 | D:7      | Noticed a sea snake
  6542 | D:7      | Noticed a wolf spider
  6553 | D:7      | Noticed Joseph
  6567 | D:7      | Killed Joseph
  6567 | D:7      | Reached skill level 9 in Polearms
  6790 | D:7      | Reached **** piety under Trog
  7234 | D:7      | Reached XP level 10. HP: 90/90 MP: 9/9
  7266 | D:7      | Found Utiamaho's Distillery.
  8138 | D:8      | Found a basalt altar of Yredelemnul.
  8594 | D:8      | Reached skill level 10 in Polearms
  9183 | D:9      | Found a glowing golden altar of the Shining One.
  9184 | D:9      | Found an ancient bone altar of Kikubaaqudgha.
  9214 | D:9      | Noticed a hill giant
  9224 | D:9      | Killed a hill giant
  9543 | D:9      | Noticed Thomus's ghost (novice HOFi)
  9566 | D:9      | Killed Thomus's ghost
  9619 | D:9      | Found a staircase to the Lair.
 10008 | Lair:1   | Entered Level 1 of the Lair of Beasts
 10027 | Lair:1   | Reached ***** piety under Trog
 10108 | Lair:1   | Reached skill level 11 in Polearms
 10128 | Lair:1   | Noticed an eight-headed hydra
 10146 | Lair:1   | Slain by a river rat

Skill      XL: |  1  2  3  4  5  6  7  8  9 10 |
---------------+-------------------------------+-----
Fighting       | 4 5 6 7 8 9 |  9.4
Armour         | 3 4 5 6 7 9 |  9.0
Polearms       | 4 5 6 7 9 11 | 11.0
Dodging        | 3 4 5 6 7 |  7.7
Bows           | 1 4 6 8 |  8.4

Action                   |  1- 3 |  4- 6 |  7- 9 | 10-12 || total
-------------------------+-------+-------+-------+-------++-------
Melee: Spear             |   110 |       |       |       ||   110
       Headbutt          |    21 |    21 |    51 |    43 ||   136
       Trident           |    18 |    98 |   278 |   243 ||   637
 Fire: Shortbow          |       |       |    92 |   100 ||   192
Invok: Berserk           |       |       |     8 |     4 ||    12
       Trog's Hand       |       |       |     1 |     1 ||     2
       Brothers in Arms  |       |       |       |     1 ||     1
  Use: Scroll            |       |       |       |     3 ||     3
  Eat: Chunk             |    15 |     3 |    21 |    13 ||    52
Armor: Ring mail         |    22 |    26 |    46 |       ||    94
       Scale mail        |       |       |    19 |    78 ||    97
Dodge: Dodged            |    44 |    43 |   128 |   115 ||   330
